Map: Prion Terraces

Players

INnoVation - Winner!

  • Race: Terran Terran

Welmu

  • Race: Protoss Protoss

Event: NationWars III

VOD

Have the link to the VOD?

Description

Time

  • Played on: Dec. 12, 2015, 4:34 p.m.
  • Length: 7:50
Show
View Real Time Build Order
Export as new Build Order

INnoVation Terran - Winner!

Build Orders: Liberator Opening, Reaper Expand, MMM Bio 

Get SALT Encoding   

  12  0:00  SCV  
  13  0:13  SCV  
  14  0:17  Supply Depot  
  14  0:25  SCV  
  15  0:38  SCV  
  15  0:40  Barracks  
  16  0:44  Refinery  
  16  0:51  SCV  
  17  1:03  SCV  
  18  1:15  SCV  
  19  1:27  Orbital Command  
  19  1:28  Reaper  
  20  1:38  Command Center  
  20  1:46  Supply Depot  
  20  1:53  SCV  
  21  2:00  Barracks Reactor  
  21  2:05  SCV  
  22  2:10  Bunker  
  22  2:17  SCV  
  23  2:22  Factory  
  23  2:28  Refinery  
  23  2:31  SCV  
  24  2:37  Marine x2  
  24  2:43  SCV  
  27  2:51  Orbital Command  
  27  2:55  SCV, Marine x2  
  30  3:07  SCV, Starport  
  30  3:12  Factory Tech Lab, Marine  
  31  3:13  Marine  
  31  3:18  SCV  
  31  3:19  SCV  
  35  3:26  Liberator  
  34  3:30  SCV, Marine x2  
  34  3:31  SCV  
  38  3:38  Supply Depot  
  38  3:42  SCV  
  38  3:44  SCV  
  38  3:48  Marine x2  
  43  3:54  SCV  
  43  3:55  Supply Depot  
  46  4:00  SCV, Cyclone  
  50  4:06  Marine x2  
  50  4:07  SCV  
  53  4:10  Liberator  
  53  4:12  SCV  
  53  4:13  Command Center  
  54  4:20  SCV  
  54  4:24  SCV, Marine x2  
  56  4:25  Supply Depot  
  61  4:35  Barracks  
  61  4:37  SCV  
  61  4:38  Barracks  
  62  4:41  Supply Depot  
  62  4:44  Refinery  
  62  4:46  SCV  
  62  4:47  Marine x2  
  62  4:51  SCV  
  66  4:56  Engineering Bay  
  66  4:58  SCV  
  67  5:05  Marine x2  
  69  5:07  SCV  
  69  5:10  SCV  
  71  5:19  SCV, Refinery, Barracks  
  71  5:20  Barracks  
  72  5:22  Marine  
  72  5:23  SCV, Marine  
  72  5:26  Marine  
  76  5:32  SCV, Orbital Command  
  76  5:34  Stimpack  
  76  5:35  SCV, Barracks Tech Lab  
  75  5:44  Marine x2  
  75  5:47  Starport Reactor  
  75  5:48  SCV x2, Marauder  
  81  5:50  Terran Infantry Weapons Level 1  
  81  5:54  Supply Depot  
  74  6:04  Marauder  
  74  6:05  Marine x2  
  74  6:08  SCV x2  
  74  6:10  Marauder  
  79  6:18  Barracks Tech Lab  
  77  6:19  Barracks Reactor  
  77  6:23  Orbital Command  
  77  6:24  SCV  
  77  6:25  SCV, Medivac x2  
  81  6:26  Marauder  
  81  6:28  Combat Shields  
  81  6:31  Supply Depot, Marauder  
  83  6:37  SCV x2  
  84  6:43  Marauder, Marine  
  84  6:44  Marine  
  86  6:47  Marauder  
  86  6:52  Marauder  
  86  6:55  Medivac x2  
  90  7:02  Marine x2  
  90  7:03  Marine  
  90  7:04  Marauder, Marine  
  96  7:08  Marauder  
  96  7:12  SCV x3  
  96  7:13  Refinery x2  
  96  7:14  Marauder  
  103  7:18  Supply Depot  
  103  7:20  Supply Depot  
  103  7:22  Marine x4  
  105  7:25  SCV x2  
  105  7:29  SCV  
  116  7:45  Supply Depot  
  116  7:46  Supply Depot  
Show
View Real Time Build Order
Export as new Build Order

Welmu Protoss 

Build Orders: 1 Gate Expand, Double Forge 

Get SALT Encoding   

  12  0:04  Probe (Chrono Boost)  
  13  0:15  Probe (Chrono Boost)  
  13  0:18  Pylon  
  14  0:25  Probe (Chrono Boost)  
  15  0:36  Probe (Chrono Boost)  
  15  0:37  Gateway  
  16  0:43  Assimilator  
  16  0:47  Probe (Chrono Boost)  
  17  0:57  Probe (Chrono Boost)  
  18  1:08  Probe (Chrono Boost)  
  19  1:19  Nexus  
  19  1:30  Cybernetics Core  
  19  1:31  Probe (Chrono Boost)  
  20  1:37  Assimilator  
  20  1:42  Probe (Chrono Boost)  
  20  1:46  Pylon  
  21  1:52  Probe (Chrono Boost)  
  22  2:03  Probe (Chrono Boost)  
  22  2:06  Adept  
  25  2:14  Mothership Core (Chrono Boost)  
  27  2:22  Warp Gate  
  27  2:32  Probe x2 (Chrono Boost)  
  29  2:41  Adept  
  29  2:42  Probe x2 (Chrono Boost)  
  33  2:49  Robotics Facility  
  33  2:53  Probe (Chrono Boost)  
  33  2:54  Probe (Chrono Boost)  
  35  3:03  Probe (Chrono Boost)  
  35  3:05  Probe (Chrono Boost)  
  37  3:08  Pylon  
  37  3:14  Probe (Chrono Boost)  
  37  3:15  Probe (Chrono Boost)  
  39  3:24  Probe (Chrono Boost)  
  39  3:26  Probe (Chrono Boost)  
  41  3:31  Twilight Council  
  41  3:34  Probe (Chrono Boost)  
  41  3:36  Probe (Chrono Boost), Observer (Chrono Boost)  
  44  3:42  Gateway  
  44  3:43  Gateway  
  44  3:44  Probe  
  44  3:46  Pylon  
  45  3:48  Probe  
  45  3:52  Assimilator  
  45  3:54  Probe  
  45  3:55  Observer (Chrono Boost)  
  47  3:57  Assimilator  
  47  4:00  Probe  
  49  4:05  Probe  
  49  4:07  Forge  
  49  4:08  Forge  
  50  4:12  Probe  
  50  4:15  Probe  
  51  4:20  Observer (Chrono Boost)  
  51  4:23  Blink (Chrono Boost)  
  53  4:25  Probe  
  53  4:26  Probe  
  53  4:27  Adept  
  53  4:30  Pylon  
  57  4:41  Protoss Ground Weapons Level 1 (Chrono Boost), Protoss Ground Armor Level 1 (Chrono Boost)  
  57  4:45  Stalker  
  59  4:50  Stalker  
  61  4:58  Nexus  
  61  5:05  Stalker  
  63  5:09  Stalker  
  64  5:14  Pylon  
  64  5:16  Pylon  
  64  5:18  Stalker  
  64  5:27  Immortal  
  62  5:36  Stalker x2  
  66  5:43  Gateway  
  66  5:44  Probe, Pylon  
  66  5:48  Stalker  
  69  5:57  Probe  
  66  6:02  Adept x2  
  58  6:04  Probe  
  51  6:19  Stalker  
  48  6:28  Stalker x2  
  52  6:35  Probe  
  52  6:36  Probe  
  55  6:52  Stalker x3  
  60  6:59  Stalker  
  61  7:15  Pylon  
  61  7:16  Stalker x3  
  61  7:20  Pylon  
  67  7:23  Stalker  
  67  7:26  Pylon  
  65  7:40  Adept x3  
Tags
 
Add a new tag
Caveats
  • Supply blocks, unpowered buildings, or Contaminate may cause inaccurate times.
  • Supply counts are checked every 10 seconds.